 Dungeon Crawl Stone Soup version 0.19.1 (webtiles) character file.

5982 Chiseanne the Nimble (level 10, -2/80 HPs)
             Began as a Mummy Wanderer on Dec 12, 2016.
             Was an Initiate of Gozag.
             Slain by Urug
             ... wielding a +4 scimitar
              (4 damage)
             ... on level 10 of the Dungeon.
             The game lasted 00:26:31 (11333 turns).

Chiseanne the Nimble (Mummy Wanderer)              Turns: 11333, Time: 00:26:31

Health: -2/80      AC: 15    Str: 22    XL:     10   Next: 55%
Magic:  10/10      EV: 22    Int: 16    God:    Gozag
Gold:   488        SH:  0    Dex: 19    Spells: 0 memorised, 9 levels left

rFire  x . .     SeeInvis .     a - +4 morningstar (freeze)
rCold  + . .     Gourm    .     b - +2 scale mail
rNeg   + + +     Faith    .     (no shield)
rPois  ∞         Spirit   .     (no helmet)
rElec  .         Reflect  .     (no cloak)
rCorr  .         Harm     .     o - +2 pair of gloves
MR     +....                    e - +2 pair of boots
Stlth  ++........               (no amulet)
                                (no ring)
                                (no ring)

@: mighty, brilliant, agile, gold aura
A: no food or potions, fire vulnerability, cold resistance 1, negative energy
resistance 3, torment resistance, unbreathing
a: Potion Petition, Call Merchant, Bribe Branch, Renounce Religion


You were on level 10 of the Dungeon.
You worshipped Gozag.
Gozag was aware of your devotion.
You were not hungry.

You visited 2 branches of the dungeon, and saw 11 of its levels.

You collected 1472 gold pieces.
You spent 431 gold pieces at shops.
You paid 553 gold pieces to Gozag.

Inventory:

Hand Weapons
 a - a +4 morningstar of freezing (weapon)
 d - a +0 trident
 p - a +1 scimitar of draining
 s - a +2 dagger of venom
Missiles
 h - 5 javelins (quivered)
 j - 162 arrows
 l - 30 poisoned needles
 m - 63 sling bullets
 n - 154 stones
 q - 4 tomahawks of returning
 r - 15 bolts
 t - a throwing net
Armour
 b - a +2 scale mail (worn)
 e - a +2 pair of boots (worn)
 o - a +2 pair of gloves (worn)
 u - the +0 robe of Focus {rElec rCorr Dex+4}
   (You bought it in a shop on level 9 of the Dungeon)

   It affects your dexterity (+4).
   It insulates you from electricity.
   It protects you from acid and corrosion.
Scrolls
 c - 6 scrolls of teleportation
 f - a scroll of immolation
 g - 2 scrolls of identify
 i - a scroll of magic mapping
 k - 3 scrolls of remove curse


   Skills:
 - Level 8.0 Fighting
 * Level 6.6 Maces & Flails
 - Level 4.9 Armour
 * Level 9.6 Dodging
 - Level 1.0 Stealth
   Level 1.0 Shields


You had 9 spell levels left.
You didn't know any spells.

Dungeon Overview and Level Annotations

Branches:
Dungeon (10/15)            Temple (1/1) D:6            Lair (0/6) D:9
    Orc (0/2) D:9

Altars:
Ashenzari
Cheibriados
Dithmenos
Elyvilon
Fedhas
Gozag
Hepliaklqana
Kikubaaqudgha
Makhleb
Okawaru
Qazlal
Ru
Sif Muna
Trog
Uskayaw
Vehumet
Xom
Yredelemnul
Zin

Shops:
D:7 (   D:9 :[   D:10 %

Annotations:
D:3 SeriousVitamin's ghost, weakling DEFE
D:10 Urug


Innate Abilities, Weirdness & Mutations

You do not eat or drink.
Your flesh is vulnerable to fire.
You are immune to poison.
Your flesh is cold resistant. (rC+)
You are immune to negative energy. (rN+++)
You are immune to unholy pain and torment.
You can survive without breathing.


Message History

Urug hits you with an enchanted scimitar!
* * * LOW HITPOINT WARNING * * *
You impale Urug!! You freeze Urug.
Urug is almost dead.
Urug is distracted by the nearby gold.
You hit Urug. You freeze Urug.
Urug is no longer distracted by gold.
Urug is almost dead.
Urug misses you.
You barely miss Urug.
Urug is almost dead.
Urug hits you with an enchanted scimitar!
* * * LOW HITPOINT WARNING * * *
You closely miss Urug.
Urug is almost dead.
Urug misses you.
You closely miss Urug.
Urug is almost dead.
Urug hits you with an enchanted scimitar.
You die...
Your body crumbles into a pile of gold.

...,,,*,,**.#,,,,* #(#
...#****,8,∩.8,,,**##.#
....####***.#*,,,,*#.<#
.......## *8#**,,,*#.##
........###.# **,,*#.#
....((...#..# ***##.#
...........#* ####.)##
...........#####......#*
............#.$o@####..#*
...........(..#### *#..#*
............###**** *##.#
............# **,,*** *##
.........#.##**,,,,,**
#.......##.#**,,,,,,,**
##.....##..#,,,,,,,,,,**
#...##*#.#...l..,,,,,,*
**.#* *.........,,,,,,*


You could see Urug.

Vanquished Creatures
  Joseph (D:7)
  4 yaks (D:9)
  A wyvern (D:10)
  2 hungry ghosts
  A mottled dragon (D:9)
  4 ice beasts
  A sky beast (D:8)
  4 orc warriors
  5 centaurs
  4 ogres
  A necrophage (D:9)
  A crocodile (D:9)
  4 bullfrogs
  7 scorpions
  4 killer bees (D:9)
  5 wights (D:7)
  A howler monkey (D:6)
  7 crimson imps
  A bullfrog zombie (D:8)
  2 jellies
  3 centaur zombies
  8 hounds
  2 orc priests
  13 orc wizards
  An iguana (D:6)
  6 worker ants
  A killer bee zombie (D:9)
  A hound zombie (D:10)
  A worker ant zombie (D:9)
  6 gnolls
  8 adders
  A howler monkey skeleton (D:5)
  An adder zombie (D:5)
  2 adder skeletons
  3 worms (D:2)
  A dart slug (D:1)
  3 leopard geckos
  40 orcs
  16 bats
  3 giant cockroaches
  5 goblins
  6 hobgoblins
  4 jackals (D:9)
  8 kobolds
  4 quokkas
  A frilled lizard (D:2)
  11 rats
  A spectral orc (D:9)
220 creatures vanquished.

Vanquished Creatures (others)
  A quokka (D:8)
1 creature vanquished.

Grand Total: 221 creatures vanquished

Notes
Turn   | Place    | Note
-------+----------+-------------------------------------------
     0 | D:1      | Chiseanne the Mummy Wanderer began the quest for the Orb.
     0 | D:1      | Chiseanne set off with: a +2 scale mail, a +0 spear, a scroll of teleportation
     0 | D:1      | Reached XP level 1. HP: 16/16 MP: 1/1
   180 | D:1      | Reached XP level 2. HP: 9/23 MP: 2/2
   193 | D:1      | Reached skill level 1 in Dodging
   944 | D:2      | Found a faded altar of an unknown god.
   983 | D:2      | Reached XP level 3. HP: 28/28 MP: 3/3
  1280 | D:2      | Reached skill level 2 in Dodging
  1641 | D:3      | Reached XP level 4. HP: 35/35 MP: 4/4
  1642 | D:3      | Noticed SeriousVitamin's ghost (weakling DEFE)
  2572 | D:4      | Found a sacrificial altar of Ru.
  2968 | D:4      | Reached XP level 5. HP: 24/42 MP: 5/5
  3111 | D:4      | Noticed an ice beast
  3138 | D:5      | Entered Level 5 of the Dungeon
  3478 | D:6      | Reached skill level 3 in Dodging
  3550 | D:5      | Reached XP level 6. HP: 38/49 MP: 6/6
  3970 | D:5      | Reached skill level 5 in Fighting
  4016 | D:5      | Reached skill level 4 in Dodging
  4513 | D:5      | Reached XP level 7. HP: 49/56 MP: 7/7
  5165 | D:5      | Reached skill level 5 in Dodging
  5510 | D:6      | Found a staircase to the Ecumenical Temple.
  5533 | D:6      | Reached XP level 8. HP: 60/65 MP: 8/8
  5564 | Temple   | Entered the Ecumenical Temple
  5571 | Temple   | Became a worshipper of Gozag Ym Sagoz the Greedy
  6493 | D:6      | Reached skill level 6 in Dodging
  6791 | D:7      | Reached skill level 1 in Maces & Flails
  6973 | D:7      | Reached XP level 9. HP: 68/74 MP: 9/9
  7032 | D:7      | Reached skill level 7 in Dodging
  7231 | D:7      | Found Cenataor's Weapon Boutique.
  7269 | D:7      | Noticed Joseph
  7804 | D:7      | Killed Joseph
  8066 | D:7      | Reached skill level 8 in Dodging
  8255 | D:8      | Found a shadowy altar of Dithmenos.
  8396 | D:8      | Found a white marble altar of Elyvilon.
  8745 | D:8      | Found a hazy altar of Hepliaklqana.
  8745 | D:8      | Found a shattered altar of Ashenzari.
  9153 | D:9      | Reached skill level 5 in Maces & Flails
  9207 | D:9      | Got a silken robe
  9209 | D:9      | Identified the +0 robe "Tixetho" {rC+ rN+} (You found it on level 9 of the Dungeon)
  9228 | D:9      | Found a bloodstained altar of Trog.
  9255 | D:9      | Bought an ancient leather armour for 238 gold pieces
  9256 | D:9      | Identified the cursed +0 leather armour of the Dice {*Contam +Blink rN+ Stlth+} (You bought it in a shop on level 9 of the Dungeon)
  9296 | D:9      | Reached XP level 10. HP: 54/80 MP: 10/10
  9491 | D:9      | Found a staircase to the Lair.
  9804 | D:9      | Bought a steaming robe for 193 gold pieces
  9805 | D:9      | Identified the +0 robe of Focus {rElec rCorr Dex+4} (You bought it in a shop on level 9 of the Dungeon)
  9902 | D:9      | Found Qoinnuu's Book Boutique.
 10096 | D:9      | Found a basalt altar of Yredelemnul.
 10307 | D:9      | Reached skill level 9 in Dodging
 10529 | D:9      | Found a staircase to the Orcish Mines.
 10927 | D:10     | Entered Level 10 of the Dungeon
 10941 | D:10     | Found Sonouhat's Food Shoppe.
 10965 | D:10     | Noticed Urug
 11331 | D:10     | HP: 1/80 [Urug/enchanted scimitar (8)]
 11333 | D:10     | Slain by Urug

Skill      XL: |  1  2  3  4  5  6  7  8  9 10 |
---------------+-------------------------------+-----
Dodging        | 1 2 3 4 5 6 8 9 |  9.6
Fighting       | 3 4 5 6 8 |  8.0
Maces & Flails | 1 5 6 |  6.6
Armour         | |  4.9
Stealth        | |  1.0
Shields        | |  1.0

Action                   |  1- 3 |  4- 6 |  7- 9 | 10-12 || total
-------------------------+-------+-------+-------+-------++-------
Melee: Spear             |   167 |   277 |       |       ||   444
       Dagger            |       |    81 |   287 |    48 ||   416
       Morningstar       |       |       |   171 |   157 ||   328
       Trident           |       |       |     6 |       ||     6
Throw: Javelin           |       |     7 |     8 |     3 ||    18
       Stone             |       |       |     2 |       ||     2
Invok: Call Merchant     |       |       |     1 |       ||     1
       Potion Petition   |       |       |       |     1 ||     1
  Use: Scroll            |       |     6 |     6 |     3 ||    15
 Stab: Distracted        |       |     1 |     3 |     1 ||     5
Armor: Scale mail        |    77 |   209 |   206 |    81 ||   573
Dodge: Dodged            |    90 |   240 |   273 |   162 ||   765
